 Dungeon Crawl Stone Soup version 0.16-a0-2296-gdce89d5 (webtiles) character file.

34533 Kraw the Covert (level 14, -4/95 HPs)
             Began as a Halfling Assassin on Nov 16, 2014.
             Was a High Priest of Trog.
             Slain by a spiny frog (6 damage)
             ... on level 7 of the Lair of Beasts.
             The game lasted 02:10:01 (21832 turns).

Kraw the Covert (Halfling Assassin)                Turns: 21832, Time: 02:10:01

Health: -4/95      AC:  9    Str: 11    XL:     14   Next: 13%
Magic:  25/25      EV: 28    Int: 10    God:    Trog [*****.]
Gold:   1467       SH:  0    Dex: 23    Spells: 0 memorised, 13 levels left

rFire  + . .     SeeInvis .     a - +2 dagger (flame)
rCold  . . .     Clarity  +     O - +2 robe of Klealyacs {Dex+2}
rNeg   . . .     SustAb   .     (no shield)
rPois  +         Gourm    .     B - +1 hat
rElec  .         Spirit   .     d - +0 cloak
rCorr  .         Warding  .     t - +1 pair of gloves
rMut   .         Stasis   .     N - +0 pair of boots
MR     +....                    A - amulet of clarity
Stlth  +++++++...               q - ring of protection from fire
                                Q - ring of poison resistance

@: lethally poisoned, somewhat resistant to hostile enchantments, extremely
stealthy
A: mutation resistance 1
a: Burn Spellbooks, Berserk, Trog's Hand, Brothers in Arms, Renounce Religion


You were on level 7 of the Lair of Beasts.
You worshipped Trog.
Trog was extremely pleased with you.
You were not hungry.

You visited 2 branches of the dungeon, and saw 18 of its levels.

You collected 1467 gold pieces.

Inventory:

Hand weapons
 a - a +2 dagger of flaming (weapon)
 b - a +1 blowgun
Missiles
 e - 5 needles of paralysis
 f - 17 curare-tipped needles
 w - 5 needles of frenzy
 z - 15 poisoned needles
 D - 3 poisoned tomahawks (quivered)
 H - 19 needles of confusion
 Z - 3 steel tomahawks
Armour
 d - a +0 cloak (worn)
 t - a +1 pair of gloves (worn)
 B - a +1 hat (worn)
 N - a +0 pair of boots (worn)
 O - the +2 robe of Klealyacs (worn) {Dex+2}
   (You found it on level 8 of the Dungeon)

   It affects your dexterity (+2).
Jewellery
 q - a ring of protection from fire (right hand)
 A - an amulet of clarity (around neck)
 Q - a ring of poison resistance (left hand)
 V - an uncursed ring of flight
Magical devices
 i - a wand of paralysis (15)
 k - a wand of digging (10)
 l - a wand of lightning (2)
 s - a wand of lightning (4)
 v - a wand of frost (16)
 C - a wand of teleportation (1)
 W - a wand of frost (17)
Scrolls
 n - 10 scrolls of remove curse
 p - a scroll of fear
 y - a scroll of enchant armour
 F - 2 scrolls of fog
 K - a scroll of identify
 P - 5 scrolls of teleportation
 R - 2 scrolls of blinking
 X - a scroll of magic mapping
 Y - a scroll of enchant weapon
Potions
 h - 2 potions of curing
 j - 2 potions of might {unknown}
 o - 3 potions of agility
 u - a potion of heal wounds
 x - 4 potions of restore abilities
 E - a potion of flight
 G - a potion of invisibility
 J - a potion of cure mutation
 M - 2 potions of cancellation
 S - 2 potions of resistance
Books
 I - a book of Power

   Spells                             Type                      Level
   Fulminant Prism                    Conjuration/Hexes            4
   Iskenderun's Mystic Blast          Conjuration                  4
   Venom Bolt                         Conjuration/Poison           5
   Bolt of Magma                      Conjuration/Fire/Earth       5
   Iron Shot                          Conjuration/Earth            6
   Orb of Destruction                 Conjuration                  7
   Trog disapproves of the use of such an item.
Comestibles
 c - a slice of pizza
 g - 11 bread rations
 m - 11 meat rations


   Skills:
 + Level 8.7 Fighting
 + Level 13.9 Short Blades
 - Level 8.0 Throwing
 + Level 12.0 Dodging
 + Level 14.3 Stealth
 - Level 7.5 Evocations


You had 13 spell levels left.
You didn't know any spells.

Dungeon Overview and Level Annotations

Branches:
Dungeon (10/15)            Temple (0/1) D:6            Lair (8/8) D:8
 Shoals (0/5) Lair:5       Spider (0/5) Lair:4          Orc (0/4) D:10
  Slime: Lair:6-8

Altars:
Cheibriados
Elyvilon
Gozag
Makhleb
Ru
Trog
Zin
The Shining One

Shops:
D:6 [   D:8 =   D:10 (


Innate Abilities, Weirdness & Mutations

You are small and have problems with some larger weapons.
You are somewhat resistant to further mutation.


Message History

The five-headed hydra closely misses you. x2
The five-headed hydra misses you.
Use which ability? (? or * to list)
You fail to use your ability.
You feel sick. The spiny frog completely misses you.
The five-headed hydra completely misses you.
The five-headed hydra bites you!!
* * * LOW HITPOINT WARNING * * *
The five-headed hydra bites you.
* * * LOW HITPOINT WARNING * * *
The five-headed hydra closely misses you.
The five-headed hydra bites you.
* * * LOW HITPOINT WARNING * * *
A blink frog comes into view.
You feel sick.
Use which ability? (? or * to list)
You fail to use your ability.
The spiny frog stings you.
* * * LOW HITPOINT WARNING * * *
The spiny frog stings you.
You die...

......#....F...P#######....)...##
......(.............#...........#
............(.....#..............
..............##.##.......P#.....
..............#.#.#..#######.....
...........P.>..###### ##..#.
...........#...P#.## #.....
...........#...D...#### #...##
..(.........#..F@...#.# #..#.#
..≈≈........###......## #...##
≈≈≈≈≈.......P##......P# ##....
.≈≈≈.......P###.....### #P.#..
............##....### ###...
..................# #P##
.................## ####
................##### #
................###.#### #


You could see a five-headed hydra and a spiny frog.

Vanquished Creatures
  Maud (Lair:4)
  The ghost of Kraw the Cruncher, a powerful DrGl of Okawaru (Lair:3)
  A hydra (Lair:5)
  Erica (Lair:2)
  3 death yaks
  A hill giant (D:10)
  An orc knight (D:10)
  An orb spider (Lair:4)
  3 elephants (Lair:6)
  6 black mambas
  3 torpor snails
  13 spiny frogs
  3 komodo dragons
  A two-headed ogre (D:8)
  7 fire drakes
  A merfolk (Lair:5)
  Grinder (D:6)
  Prince Ribbit (D:6)
  A basilisk (Lair:2)
  8 blink frogs
  A human (D:7)
  14 yaks
  2 hippogriffs
  Grum (D:8)
  13 wolves
  2 hungry ghosts
  A wyvern (Lair:6)
  11 porcupines
  7 water moccasins
  A sky beast (D:9)
  2 ice beasts
  2 orc warriors (D:10)
  A yellow wasp (D:8)
  3 necrophages (Lair:7)
  2 ogres
  2 centaurs (D:6)
  A black bear (D:8)
  7 boring beetles
  2 phantoms
  Sigmund (D:6)
  10 big kobolds
  13 crocodiles
  2 wyvern zombies
  17 giant frogs
  2 scorpions
  4 wyvern skeletons
  13 killer bees
  4 wights
  4 crimson imps
  4 goliath beetles
  5 hounds
  6 jellies
  Crazy Yiuf (D:2)
  2 centaur skeletons
  7 orc priests
  2 giant frog skeletons
  8 worker ants
  7 iguanas
  9 orc wizards
  10 sheep
  Jessica (D:2)
  Terence (D:3)
  A hound skeleton (D:6)
  15 gnolls
  17 adders
  A worker ant zombie (D:7)
  19 green rats
  A shadow imp (D:5)
  5 giant mites
  2 worms
  2 adder skeletons (D:4)
  35 orcs
  5 giant cockroaches
  15 goblins
  16 hobgoblins
  4 jackals (D:9)
  8 quokkas
  2 ball pythons
  21 bats
  A giant gecko (D:2)
  4 giant newts
  18 kobolds
  A quokka skeleton (D:4)
  22 rats
481 creatures vanquished.

Vanquished Creatures (collateral kills)
  The ghost of MackTheKnife the Destroyer, a powerful HEAE of Vehumet (Lair:6)
  A death yak (Lair:4)
  2 necrophages (Lair:7)
4 creatures vanquished.

Vanquished Creatures (others)
  3 ogres
3 creatures vanquished.

Grand Total: 488 creatures vanquished

Notes
Turn   | Place    | Note
--------------------------------------------------------------
     0 | D:1      | Kraw, the Halfling Assassin, began the quest for the Orb.
     0 | D:1      | Reached XP level 1. HP: 14/14 MP: 1/1
     4 | D:1      | Noticed a draconian
     4 | D:1      | Noticed a tengu
     6 | D:1      | Noticed a naga
     6 | D:1      | Noticed a ghoul
     8 | D:1      | Noticed a dwarf
     8 | D:1      | Noticed an elf
    10 | D:1      | Noticed a vampire
    10 | D:1      | Noticed a spriggan
    12 | D:1      | Noticed a felid
    14 | D:1      | Noticed a minotaur
    14 | D:1      | Noticed a gargoyle
    16 | D:1      | Noticed a troll
    16 | D:1      | Noticed a merfolk
    18 | D:1      | Noticed a vine stalker
    20 | D:1      | Noticed an ogre
    20 | D:1      | Noticed an octopode
    22 | D:1      | Noticed a demigod
    24 | D:1      | Noticed a demonspawn
    24 | D:1      | Noticed a human
    26 | D:1      | Noticed a formicid
    26 | D:1      | Noticed a centaur
    90 | D:1      | Reached XP level 2. HP: 13/19 MP: 2/2
   436 | D:1      | Reached XP level 3. HP: 24/24 MP: 3/3
   534 | D:1      | Reached skill level 5 in Stealth
  1046 | D:2      | Noticed Jessica
  1054 | D:2      | Killed Jessica
  1054 | D:2      | Reached XP level 4. HP: 22/29 MP: 4/4
  1354 | D:2      | Noticed Crazy Yiuf
  1376 | D:2      | Killed Crazy Yiuf
  1376 | D:2      | Reached skill level 5 in Short Blades
  1501 | D:2      | Reached XP level 5. HP: 28/34 MP: 5/5
  1932 | D:3      | Noticed Terence
  1945 | D:3      | Killed Terence
  2052 | D:3      | Reached skill level 6 in Stealth
  2142 | D:3      | Found a bloodstained altar of Trog.
  2154 | D:3      | Became a worshipper of Trog the Wrathful
  2683 | D:3      | Reached XP level 6. HP: 36/39 MP: 6/6
  3123 | D:4      | Found a snail-covered altar of Cheibriados.
  3166 | D:4      | Found a glowing silver altar of Zin.
  3519 | D:4      | Acquired Trog's first power
  3599 | D:4      | Reached skill level 7 in Short Blades
  3599 | D:4      | Reached XP level 7. HP: 31/44 MP: 7/7
  4647 | D:5      | Entered Level 5 of the Dungeon
  5036 | D:4      | Reached skill level 8 in Short Blades
  5154 | D:5      | Acquired Trog's second power
  5193 | D:5      | Reached XP level 8. HP: 33/49 MP: 8/8
  5760 | D:6      | Noticed Prince Ribbit
  5791 | D:6      | Killed Prince Ribbit
  5791 | D:6      | Reached skill level 9 in Short Blades
  5976 | D:6      | Noticed Sigmund
  5984 | D:6      | Killed Sigmund
  6197 | D:6      | Reached skill level 10 in Short Blades
  6197 | D:6      | Reached XP level 9. HP: 54/54 MP: 9/9
  6241 | D:6      | Reached skill level 10 in Stealth
  6361 | D:6      | Found Schotodo's Antique Armour Shop.
  6894 | D:6      | Reached skill level 11 in Short Blades
  6950 | D:6      | Found a staircase to the Ecumenical Temple.
  6950 | D:6      | Noticed Grinder
  6952 | D:6      | Paralysed by Grinder for 3 turns
  6994 | D:6      | Killed Grinder
  8259 | D:7      | Reached XP level 10. HP: 60/60 MP: 10/10
  8423 | D:7      | Found a burning altar of Makhleb.
  8444 | D:7      | Found a sacrificial altar of Ru.
  8834 | D:7      | Reached skill level 12 in Stealth
  8883 | D:7      | Acquired Trog's third power
  9357 | D:7      | Reached skill level 5 in Dodging
  9736 | D:8      | Found Ereked's Jewellery Shop.
  9936 | D:8      | Got a silk robe
  9959 | D:8      | Found a staircase to the Lair.
 10189 | D:8      | Identified the +2 robe of Klealyacs {Dex+2} (You found it on level 8 of the Dungeon)
 10306 | D:8      | Found an opulent altar of Gozag.
 10447 | D:8      | Reached XP level 11. HP: 60/64 MP: 11/11
 10505 | D:8      | Found a glowing golden altar of the Shining One.
 10514 | D:8      | Received a gift from Trog
 10807 | D:8      | Noticed Grum
 10840 | D:8      | Killed Grum
 11000 | D:9      | Found a white marble altar of Elyvilon.
 11884 | D:10     | Entered Level 10 of the Dungeon
 11909 | D:10     | Found Duopivyu's Weapon Boutique.
 11913 | D:10     | Found a staircase to the Orcish Mines.
 11914 | D:10     | Noticed an orc knight
 12012 | D:10     | Killed an orc knight
 12498 | D:10     | Noticed a hill giant
 12515 | D:10     | Killed a hill giant
 12515 | D:10     | Received a gift from Trog
 12676 | D:10     | Reached skill level 5 in Throwing
 13026 | Lair:1   | Entered Level 1 of the Lair of Beasts
 13192 | Lair:1   | Reached skill level 5 in Fighting
 13244 | Lair:1   | Received a gift from Trog
 13902 | Lair:2   | Noticed Erica
 13921 | Lair:2   | Killed Erica
 13921 | Lair:2   | Received a gift from Trog
 13921 | Lair:2   | Reached skill level 10 in Dodging
 13921 | Lair:2   | Reached XP level 12. HP: 78/78 MP: 12/12
 14824 | Lair:3   | Noticed Kraw's ghost (powerful DrGl)
 15072 | Lair:2   | Reached skill level 1 in Evocations
 15718 | Lair:3   | Killed Kraw's ghost
 16024 | Lair:1   | Reached skill level 5 in Evocations
 16294 | Lair:4   | Noticed Maud
 16335 | Lair:4   | Killed Maud
 16738 | Lair:4   | Found a hole to the Spider Nest.
 16750 | Lair:4   | Reached skill level 13 in Stealth
 17021 | Lair:5   | Noticed a six-headed hydra
 17072 | Lair:5   | Noticed a death yak
 17078 | Lair:5   | Noticed a death yak
 17101 | Lair:4   | Killed a death yak
 17101 | Lair:4   | Reached XP level 13. HP: 31/85 MP: 24/24
 17119 | Lair:4   | Received a gift from Trog
 17348 | Lair:4   | Killed a death yak
 17863 | Lair:5   | Killed a six-headed hydra
 18264 | Lair:5   | Found a staircase to the Shoals.
 18684 | Lair:6   | Received a gift from Trog
 18826 | Lair:6   | Noticed MackTheKnife's ghost (powerful HEAE)
 18845 | Lair:6   | Killed MackTheKnife's ghost
 19499 | Lair:6   | Received a gift from Trog
 20286 | Lair:7   | Reached skill level 14 in Stealth
 20484 | Lair:7   | Reached XP level 14. HP: 88/95 MP: 25/25
 20537 | Lair:7   | Received a gift from Trog
 21514 | Lair:8   | Entered Level 8 of the Lair of Beasts
 21832 | Lair:7   | HP: 2/95 [spiny frog (4)]
 21832 | Lair:7   | Slain by a spiny frog

Action                   |  1- 3 |  4- 6 |  7- 9 | 10-12 | 13-15 || total
-------------------------+-------+-------+-------+-------+-------++-------
Melee: Dagger            |    49 |   171 |   429 |  1131 |   415 ||  2195
 Fire: Blowgun           |    12 |    39 |    30 |    12 |    23 ||   116
       Hunting sling     |       |       |    83 |    62 |       ||   145
Throw: Stone             |       |       |     1 |     3 |       ||     4
       Tomahawk          |       |       |       |    65 |    38 ||   103
Invok: Berserk           |       |       |     5 |     1 |     1 ||     7
       Brothers in Arms  |       |       |       |     3 |     4 ||     7
Evoke: Wand              |       |       |     2 |     2 |     1 ||     5
  Use: Scroll            |       |     7 |     8 |    15 |     3 ||    33
       Potion            |       |       |       |     2 |     1 ||     3
 Stab: Sleeping          |     8 |    16 |    17 |    37 |    37 ||   115
       Distracted        |       |     2 |     2 |     8 |     2 ||    14
       Confused          |       |       |       |       |     8 ||     8
  Eat: Chunk             |       |     8 |    12 |    25 |    11 ||    56
       Fruit             |       |       |     2 |     2 |     5 ||     9
       Beef jerky        |       |       |     2 |     1 |     1 ||     4
       Meat ration       |       |       |     1 |       |       ||     1
